 Dungeon Crawl Stone Soup version 0.30-a0-870-gc5d4c5acee (webtiles) character file.

Game seed: 13133713862615524430

133 cforsyth the Covered (level 5, -4/43 HPs)
             Began as a Barachi Fighter on Mar 11, 2023.
             Slain by an orc
             ... wielding a +0 trident
              (7 damage)
             ... on level 3 of the Dungeon.
             The game lasted 00:03:04 (1900 turns).

cforsyth the Covered (Barachi Fighter)              Turns: 1900, Time: 00:03:04

Health: -4/43      AC:  8    Str: 16 (18) XL:     5   Next: 16%
Magic:  5/5        EV:  9    Int:  9 (10) God:
Gold:   140        SH:  4    Dex:  8 (11) Spells: 4/4 levels left

rFire   . . .      SeeInvis .    a - +0 long sword
rCold   . . .      Faith    .    c - +0 buckler
rNeg    . . .      Spirit   .    b - +0 scale mail
rPois   .          Reflect  .    (no helmet)
rElec   .          Rampage  .    (no cloak)
rCorr   .                        (no gloves)
Will    .....                    i - +0 pair of boots Stlth
                                 (no amulet)
HPRegen 0.27/turn                (no ring)
MPRegen 0.09/turn                (no ring)

@: invisible, slow
A: amphibious, slowness 1, strong legs 1, +LOS
a: Hop


You were on level 3 of the Dungeon.
You visited 1 branch of the dungeon, and saw 3 of its levels.

You collected 140 gold pieces.

Inventory:

Hand Weapons
 a - a +0 long sword (weapon)
Armour
 b - a +0 scale mail (worn)
 c - a +0 buckler (worn)
 i - a +0 pair of boots (worn)
Scrolls
 f - 3 scrolls of teleportation {unknown}
 l - a scroll of enchant armour {unknown}
 m - a scroll of fear {unknown}
 p - a scroll of amnesia {unknown}
 q - a scroll of vulnerability {unknown}
 r - 3 scrolls of identify {unknown}
 s - a scroll of enchant weapon {unknown}
Potions
 d - a potion of might
 e - a potion of curing {unknown}
 g - a potion of invisibility
 h - 2 potions of mutation {unknown}
 j - 2 potions of degeneration
 k - a potion of cancellation {unknown}
 n - a potion of berserk rage {unknown}
 o - a potion of attraction {unknown}
 t - a potion of heal wounds {unknown}


   Skills:
 + Level 4.6 Fighting
 + Level 3.7 Long Blades
 + Level 4.6 Armour
 + Level 4.2 Shields


You had 4 spell levels left.
You didn't know any spells.
Your spell library contained the following spells:

 Spells                   Type           Power      Damage    Failure   Level
 Cigotuvi's Dreadful Rot  Necr/Pois/Air  0%         N/A       95%         2
 Ensorcelled Hibernation  Hex/Ice        0%         N/A       95%         2
 Scorch                   Fire           0%         2d5       95%         2
 Spider Form              Tmut/Pois      0%         N/A       99%         3
 Vhi's Electric Charge    Tloc/Air       0%         N/A       99%         3
 Anguish                  Hex/Necr       0%         N/A       100%        4
 Dispel Undead            Necr           0%         3d6       100%        4
 Flame Wave               Conj/Fire      0%         2d4       100%        4
 Arcjolt                  Conj/Air       0%         1d10      100%        5
 Death Channel            Necr           0%         N/A       100%        6
 Summon Cactus Giant      Summ           0%         N/A       100%        6
 Maxwell's Capacitive Co  Air            0%         ∞         100%        8


Dungeon Overview and Level Annotations

Branches:
Dungeon (3/15)

Altars:
Fedhas
Vehumet


Innate Abilities, Weirdness & Mutations

You are amphibious.
You cover ground slowly.
You can hop short distances.
You have an extended range of vision and can be seen from far away.


Message History

The orc priest is lightly wounded.
The orc priest closely misses you. The orc hits you but does no damage.
You slash the orc priest!
The orc priest is almost dead.
The orc priest calls down the wrath of Beogh upon you.
You barely resist. The orc hits you with a +0 trident.
You completely miss the orc priest.
The orc priest is almost dead.
The orc priest barely misses you. The orc hits you with a +0 trident.
You block the orc's attack. The orc priest closely misses you.
You barely miss the orc priest.
The orc priest is almost dead.
The orc priest calls down the wrath of Beogh upon you.
Beogh smites you!
* * * LOW HITPOINT WARNING * * *
The orc completely misses you.
You barely miss the orc priest.
The orc priest is severely wounded.
You block the orc priest's attack. The orc closely misses you.
You fade into invisibility!
The orc priest invokes the aid of Beogh against you.
Pain shoots through your body!
* * * LOW HITPOINT WARNING * * *
You block the orc's attack.
You closely miss the orc priest.
The orc priest is severely wounded.
The orc priest hits you but does no damage.
You hit the orc priest.
You kill the orc priest!
You feel your intelligence returning.
You have reached level 5!
The orc barely misses you.
Things that are here:
a +0 club; an orc corpse You closely miss the orc.
The orc hits you with a +0 trident.
* * * LOW HITPOINT WARNING * * *
You hit the orc.
The orc is heavily wounded.
The orc hits you with a +0 trident!
You die...

........#... ####
............ #..
........... #.#
........... ####.#
......#... ###....#
.......... .~...#.########
#.........
.~.~~.........###.....#
.._~~.#######..#@o#...#
.~..≈.### ##).....#
..~.~...## ##..##....#
.##......######.##..##...?
.###.###......#.#.. # ...
.#...# #..##....#.# #
.#.######.#...###.# #
##........#.#..<#.# .#
#..........###...# #.#


You could see an orc (unable to see you).

Vanquished Creatures
  2 orc priests (D:3)
  An adder (D:2)
  A worm (D:3)
  4 dart slugs
  3 orcs (D:3)
  6 endoplasms
  3 giant cockroaches
  2 goblins
  2 hobgoblins
  3 jackals (D:2)
  2 quokkas
  7 ball pythons
  4 frilled lizards
  3 kobolds (D:2)
  10 rats
53 creatures vanquished.

Vanquished Creatures (others)
  5 fungi (D:2)
  3 plants (D:2)
8 creatures vanquished.

Grand Total: 61 creatures vanquished

Notes
Turn   | Place    | Note
-------+----------+-------------------------------------------
     0 | D:1      | cforsyth the Barachi Fighter began the quest for the Orb.
     0 | D:1      | Reached XP level 1. HP: 18/18 MP: 1/1
   202 | D:1      | Reached XP level 2. HP: 25/25 MP: 2/2
   659 | D:1      | Reached XP level 3. HP: 19/30 MP: 3/3
  1418 | D:2      | Reached XP level 4. HP: 37/37 MP: 4/4
  1420 | D:2      | Found a faded altar of an unknown god.
  1594 | D:3      | Found a radiant altar of Vehumet.
  1832 | D:3      | Found a blossoming altar of Fedhas.
  1898 | D:3      | Reached XP level 5. HP: 3/43 MP: 5/5
  1900 | D:3      | Slain by an orc

Illustrated notes

Levels and vault maps discovered:
D:1:      elethiomel_arrival_infinity_welcomes_careful_drivers, layout_basic
D:2:      layout_basic, shapermc_ecumenical_altar_mp_urbaneastern,
          minmay_domino_2
D:3:      layout_rooms, fedhas_altar_2, nicolae_vehumet_altar_sigil

Skill      XL: |  1  2  3  4 |
---------------+-------------+-----
Armour         | 4 |  4.6
Fighting       | 4 |  4.6
Long Blades    | 3 |  3.7
Shields        | 4 |  4.2

Action                     |  1- 3 |  4- 6 || total
---------------------------+-------+-------++-------
  Melee: Long sword        |   120 |    66 ||   186
    Use: Potion            |       |     3 ||     3
   Stab: Invisible         |       |     1 ||     1
 Armour: Scale mail        |    54 |    25 ||    79
  Dodge: Dodged            |    56 |    40 ||    96
  Block: Buckler           |    26 |    18 ||    44

Table legend: (Time is in decaauts)
 A = Elapsed time spent in this place.
 B = Non-inter-level travel time spent in this place.
 C = Inter-level travel time spent in this place.
 D = Time resting spent in this place.
 E = Time spent auto-exploring this place.
 F = Levels seen in this place.
 G = Mean time per level.
                   A        B        C        D        E       F      G
               +--------+--------+--------+--------+--------+-----+--------+
         Total |   2227 |   2148 |     79 |      2 |   1699 |   3 |  742.3 |
       Dungeon |   2227 |   2148 |     79 |      2 |   1699 |   3 |  742.3 |
               +--------+--------+--------+--------+--------+-----+--------+

Top non-repeatable levels by time:
     D:1: 1098 daAuts
     D:2: 755 daAuts
     D:3: 373 daAuts
